 Dungeon Crawl Stone Soup version 0.23-a0-558-g30802b1 (webtiles) character file.

71 zishaf the Insei (level 4, -6/33 HPs)
             Began as a Vampire Transmuter on Dec 12, 2018.
             Killed from afar by Sigmund (7 damage)
             ... with a magic dart
             ... on level 2 of the Dungeon.
             The game lasted 00:02:46 (2308 turns).

zishaf the Insei (Vampire Transmuter)               Turns: 2308, Time: 00:02:46

Health: -6/33      AC:  3    Str: 10    XL:     4   Next: 5%
Magic:  7/7        EV: 19    Int: 15    God:
Gold:   100        SH:  0    Dex: 19    Spells: 4/7 levels left

rFire    . . .     SeeInvis +     - Unarmed
rCold    + + .     Gourm    .   (no shield)
rNeg     + + +     Faith    .   b - +0 robe
rPois    ∞         Spirit   .   c - +0 helmet
rElec    .         Reflect  .   (no cloak)
rCorr    .         Harm     .   (no gloves)
MR       .....                  (no boots)
Stlth    +++++.....             (no amulet)
HPRegen  0.00/turn              (no ring)
MPRegen  0.10/turn              (no ring)

@: agile, flying (expiring), bloodless, non-regenerating
A: fangs 3, see invisible, unbreathing
a: Bat Form


You were on level 2 of the Dungeon.
You were bloodless.

You visited 1 branch of the dungeon, and saw 2 of its levels.

You collected 100 gold pieces.

Inventory:

Missiles
 a - 23 arrows
Armour
 b - a +0 robe (worn)
 c - a +0 helmet (worn)
Scrolls
 e - a scroll of amnesia {unknown}
 h - 2 scrolls of fog {unknown}
 i - a scroll of remove curse {unknown}
 j - 2 scrolls of teleportation {unknown}
 l - 4 scrolls of identify {unknown}
 m - a scroll of random uselessness {unknown}
 n - 2 scrolls of immolation {unknown}
 p - a scroll of enchant weapon {unknown}
Potions
 d - 12 potions of blood
Comestibles
 f - a ration


   Skills:
 + Level 1.8 Fighting
 + Level 3.0 Dodging
 + Level 2.6 Stealth
 - Level 3.2 Unarmed Combat
 - Level 2.0 Spellcasting
 + Level 3.0 Transmutations


You had 4 spell levels left.
You knew the following spells:

 Your Spells              Type           Power        Failure   Level  Hunger
a - Beastly Appendage     Tmut           ##....       6%          1    #......
b - Sticks to Snakes      Tmut           ##......     10%         2    ###....

Your spell library contained the following spells:

 Spells                   Type           Power        Failure   Level  Hunger
 Animate Skeleton         Necr           N/A          22%         1    #......
 Apportation              Tloc           #.....       22%         1    #......
 Confusing Touch          Hex            #.....       22%         1    #......
 Summon Small Mammal      Summ           #...         22%         1    #......
 Spider Form              Tmut/Pois      #.........   34%         3    ###....
 Ice Form                 Ice/Tmut       #.......     75%         4    #####..
 Blade Hands              Tmut           ##........   87%         5    ######.


Dungeon Overview and Level Annotations

Branches:
Dungeon (2/15)

Altars:
Kikubaaqudgha
Nemelex Xobeh

Annotations:
D:2 Sigmund


Innate Abilities, Weirdness & Mutations

You do not heal naturally.
You are immune to poison.
You have razor-sharp teeth.
You have supernaturally acute eyesight. (SInv)
You can survive without breathing.


Message History

You barely miss Sigmund.
Sigmund is moderately wounded.
Sigmund points at you and mumbles some strange words.
The magic dart hits you!
* * * LOW HITPOINT WARNING * * *
You hit Sigmund. Your bite misses Sigmund.
Sigmund is moderately wounded.
Sigmund misses you.
You closely miss Sigmund.
Sigmund is moderately wounded.
You barely miss Sigmund.
Sigmund is moderately wounded.
Sigmund points at you and mumbles some strange words.
The puff of flame hits you!
* * * LOW HITPOINT WARNING * * *
You closely miss Sigmund. Your bite misses Sigmund.
Sigmund is moderately wounded.
Sigmund casts a spell at you. The magic dart hits you!
You die...

.##)._.#.....###....S......
..#....#.####.#.#.#.######
PP.....#.# ##.##.#...#
.....#.#.# #.##.#.#.##
...P.###.#####.##.#.⌠.⌠###
###..PP.............._....
####...####...#...⌠.⌠>..
#.## #...###...##### .#
#...@@.....# # #...###.##.#
........ .# ######### ##


You could see Sigmund.

Vanquished Creatures
  Terence (D:2)
  2 adders
  A worm (D:2)
  4 bats
  2 goblins (D:2)
  2 hobgoblins (D:1)
  3 jackals (D:1)
  2 ball pythons (D:2)
  3 frilled lizards
  2 kobolds (D:1)
  5 rats
27 creatures vanquished.

Notes
Turn   | Place    | Note
-------+----------+-------------------------------------------
     0 | D:1      | zishaf the Vampire Transmuter began the quest for the Orb.
     0 | D:1      | Reached XP level 1. HP: 14/14 MP: 3/3
    83 | D:1      | Reached skill level 1 in Fighting
   145 | D:1      | Reached skill level 1 in Stealth
   164 | D:1      | Reached XP level 2. HP: 11/21 MP: 5/5
   920 | D:2      | Noticed Terence
   927 | D:2      | Killed Terence
   927 | D:2      | Reached XP level 3. HP: 26/26 MP: 6/6
   997 | D:2      | Learned a level 2 spell: Sticks to Snakes
  1319 | D:2      | Noticed Sigmund
  2216 | D:2      | Reached XP level 4. HP: 31/33 MP: 7/7
  2229 | D:2      | Found an ancient bone altar of Kikubaaqudgha.
  2269 | D:2      | Found a sparkling altar of Nemelex Xobeh.
  2307 | D:2      | HP: 1/33 [Sigmund/puff of flame (4)]
  2308 | D:2      | Killed from afar by Sigmund

Vault maps used:
D:1:      matt_arrival_refuge, hangedman_abyss_or_decor_lesser_grid
D:2:      lemuel_upstairs_altar, kiku_gazebo_garden_becter,
          lemuel_coloured_pillars_altar, nemelex_xobeh_ov_fountains_minmay,
          uniq_sigmund, uniq_terence, uniq_jessica

Skill      XL: |  1  2  3 |
---------------+----------+-----
Fighting       | 1 |  1.8
Stealth        | 1 2 |  2.6
Dodging        | 3 |  3.0
Transmutations | 3 |  3.0
Unarmed Combat | |  3.2
Spellcasting   | |  2.0

Action                   |  1- 3 |  4- 6 || total
-------------------------+-------+-------++-------
Melee: Unarmed           |    95 |    23 ||   118
       Bite              |     9 |       ||     9
       Punch             |     2 |       ||     2
  Use: Potion            |     2 |     3 ||     5
 Stab: Sleeping          |     3 |     1 ||     4
Armor: Robe              |    15 |       ||    15
Dodge: Dodged            |    65 |    15 ||    80

Table legend:
 A = Non-vault XP
 B = Vault XP
 C = Vault XP percentage of total XP
 D = Non-vault monster count
 E = Vault monster count
 F = Vault count percentage of total count
                 A         B        C        D         E       F
            +---------+---------+-------+---------+---------+-------
      Total |      66 |      36 |  35.3 |      26 |       1 |   3.7
            +---------+---------+-------+---------+---------+-------
        D:1 |      35 |       0 |   0.0 |      15 |       0 |   0.0
        D:2 |      31 |      36 |  53.7 |      11 |       1 |   8.3
            +---------+---------+-------+---------+---------+-------
